 Dungeon Crawl Stone Soup version 0.30-a0-728-gc68057be0a (webtiles) character file.

Game seed: 8609701264924487025

487 IdlyInterested the Cutter (level 6, -1/44 HPs)
             Began as a Demonspawn Gladiator on Jan 30, 2023.
             Slain by a gnoll bouda
             ... wielding a +0 whip
              (7 damage)
             ... on level 5 of the Dungeon.
             The game lasted 00:15:09 (4730 turns).

IdlyInterested the Cutter (Demonspawn Gladiator)    Turns: 4730, Time: 00:15:10

Health: -1/44      AC:  6    Str: 14    XL:     6   Next: 89%
Magic:  6/6        EV:  8    Int:  9    God:
Gold:   68         SH: 18    Dex: 17    Spells: 5/5 levels left

rFire   . . .      SeeInvis +    a - +0 rapier
rCold   . . .      Faith    .    B - +0 tower shield {reflect}
rNeg    . . .      Spirit   .    y - +0 ring mail
rPois   .          Reflect  +    c - +0 helmet
rElec   .          Harm     .    (no cloak)
rCorr   .          Rampage  .    (gloves unavailable)
Will    .....                    (no boots)
Stlth   +                        (no amulet)
HPRegen 0.27/turn                G - ring of see invisible
MPRegen 0.10/turn                (no ring)

@: invisible
A: claws 3, spiny 1, condensation shield
a: no special abilities


You were on level 5 of the Dungeon.
You visited 1 branch of the dungeon, and saw 5 of its levels.

You collected 161 gold pieces.
You spent 93 gold pieces at shops.

Inventory:

Hand Weapons
 a - a +0 rapier (weapon)
 s - a +0 dagger of draining
 C - a +1 dagger of speed
Missiles
 d - 4 throwing nets
 e - a javelin
 j - 17 stones (quivered)
 E - 13 poisoned darts
 F - 3 boomerangs
Armour
 b - a +0 leather armour
 c - a +0 helmet (worn)
 m - a +0 scale mail
 w - a +0 chain mail
 y - a +0 ring mail (worn)
 B - a +0 tower shield of reflection (worn)
Jewellery
 x - a ring of fire
 G - a ring of see invisible (left claw)
Wands
 H - a wand of paralysis (8)
Scrolls
 g - 2 scrolls of fear {unknown}
 h - 2 scrolls of enchant weapon {unknown}
 i - 2 scrolls of identify {unknown}
 l - a scroll of poison {unknown}
 o - 2 scrolls of noise {unknown}
 u - 2 scrolls of teleportation {unknown}
 v - a scroll of blinking {unknown}
 A - 3 scrolls of immolation {unknown}
Potions
 f - a potion of brilliance {unknown}
 k - 2 potions of heal wounds {unknown}
 p - a potion of cancellation {unknown}
 q - a potion of resistance {unknown}
 r - a potion of ambrosia {unknown}
 t - 2 potions of curing
 z - a potion of degeneration {unknown}
 D - a potion of might
 I - a potion of lignification {unknown}


   Skills:
 - Level 2.0 Fighting
 * Level 5.5 Short Blades
 - Level 1.7 Throwing
 - Level 3.1 Dodging
 - Level 4.0 Shields


You had 5 spell levels left.
You didn't know any spells.
Your spell library contained the following spells:

 Spells                   Type           Power      Damage    Failure   Level
 Foxfire                  Conj/Fire      0%         2x1d4     100%        1
 Kiss of Death            Conj/Necr      0%         2d5       100%        1
 Ensorcelled Hibernation  Hex/Ice        0%         N/A       100%        2
 Passwall                 Tmut/Erth      0%         N/A       100%        2
 Confusing Touch          Hex            0%         N/A       100%        3
 Swiftness                Air            0%         N/A       100%        3
 Dispel Undead            Necr           0%         3d6       100%        4
 Fireball                 Conj/Fire      0%         3d3       100%        5
 Starburst                Conj/Fire      0%         6d3       100%        6


Dungeon Overview and Level Annotations

Branches:
Dungeon (5/15)
 Temple: D:4-7

Altars:
Ashenzari
Qazlal

Shops:
D:1 [[((*


Innate Abilities, Weirdness & Mutations

You have claws for hands.
You are partially covered in sharp spines.
A meltable shield of frost defends you. (SH +4)


Message History

The gnoll barely misses you.
The gnoll bouda gazes fiercely through you!
You feel your attacks grow feeble. You block the gnoll bouda's attack.
You hit the gnoll.
The gnoll is severely wounded.
You block the gnoll's attack. The gnoll bouda barely misses you.
You hit the gnoll but do no damage.
The gnoll is severely wounded.
A gnoll comes into view. It is wielding a +0 flail.
You block the gnoll's attack. You block the gnoll bouda's attack.
You hit the gnoll.
The gnoll is almost dead.
The gnoll is no longer moving quickly.
You block the gnoll's attack. You block the gnoll bouda's attack.
The gnoll drinks a potion.
The gnoll seems to grow stronger.
You block the gnoll's attack.
You hit the gnoll but do no damage.
The gnoll is almost dead.
You block the gnoll bouda's attack. The gnoll is struck by your spines.
You kill the gnoll!
You block the gnoll bouda's attack.
You barely miss the gnoll. You block the gnoll's attack.
The gnoll barely misses you. You block the gnoll bouda's attack.
You hit the gnoll.
The gnoll is lightly wounded.
The gnoll barely misses you. You block the gnoll's attack.
You block the gnoll bouda's attack. The gnoll hits you but does no damage.
The gnoll is struck by your spines. The gnoll hits you with a +0 flail!
* * * LOW HITPOINT WARNING * * *
You fade into invisibility!
Your attacks no longer feel as feeble.
The gnoll bouda barks out a call to the hunt!
The gnoll picks up the pace!
The gnoll is struck by your spines. The gnoll hits you with a +0 whip.
* * * LOW HITPOINT WARNING * * *
You block the gnoll's attack.
You hit the gnoll.
The gnoll is almost dead.
The gnoll bouda is struck by your spines.
The gnoll bouda hits you with a +0 whip!
You die...

.#
############.####
##................
.......<..>..)...
##.###........####
#...........)....
#.......#..#....
.........gg$# ...
.........#@##
###.$....#g#
#...)..#.#
#......#.#
#...(..#.# ....
#.# #.. ...


You could see a gnoll bouda (unable to see you) and 2 gnolls.

Vanquished Creatures
  Sigmund (D:3)
  2 hounds (D:4)
  An orc priest (D:4)
  Jessica (D:2)
  An orc wizard (D:4)
  6 gnolls
  3 adders
  3 dart slugs
  10 orcs (D:4)
  8 ball pythons
  9 bats
  2 endoplasms
  4 giant cockroaches
  4 goblins
  9 hobgoblins
  7 jackals
  7 kobolds
  6 quokkas
  3 frilled lizards
  5 rats
92 creatures vanquished.

Notes
Turn   | Place    | Note
-------+----------+-------------------------------------------
     0 | D:1      | IdlyInterested the Demonspawn Gladiator began the quest for
                  | the Orb.
     0 | D:1      | Reached XP level 1. HP: 16/16 MP: 1/1
    98 | D:1      | Found Tupnyulex's Weapon Shop.
   128 | D:1      | Found a faded altar of an unknown god.
   135 | D:1      | Reached skill level 3 in Short Blades
   140 | D:1      | Gained mutation: You have sharp fingernails. [demonic
                  | ancestry]
   140 | D:1      | Reached XP level 2. HP: 22/22 MP: 2/2
   191 | D:1      | Found Gaehukki's Antique Weapon Shop.
   198 | D:1      | Found Mirgheimai's General Store.
   333 | D:1      | Found Cixai's Armour Shoppe.
   384 | D:1      | Found Nojim's Armour Emporium.
   811 | D:1      | Gained mutation: A meltable shield of frost defends you.
                  | (SH +4) [demonic ancestry]
   811 | D:1      | Reached XP level 3. HP: 27/27 MP: 3/3
  1314 | D:2      | Noticed Jessica
  1328 | D:2      | Killed Jessica
  1329 | D:2      | Reached skill level 1 in Shields
  1520 | D:2      | Gained mutation: You have very sharp fingernails. [demonic
                  | ancestry]
  1520 | D:2      | Reached XP level 4. HP: 33/33 MP: 4/4
  2077 | D:2      | Reached skill level 4 in Short Blades
  2574 | D:3      | Found a stormy altar of Qazlal.
  2630 | D:3      | Found a broken altar of Ashenzari.
  2630 | D:3      | Noticed Sigmund
  2643 | D:3      | Killed Sigmund
  2644 | D:3      | Gained mutation: You are partially covered in sharp spines.
                  | [demonic ancestry]
  2644 | D:3      | Reached XP level 5. HP: 7/38 MP: 5/5
  2800 | D:3      | Gained mutation: You have claws for hands. [demonic
                  | ancestry]
  2800 | D:3      | Reached XP level 6. HP: 40/44 MP: 6/6
  2816 | D:3      | Reached skill level 5 in Short Blades
  3366 | D:1      | Bought a +0 tower shield of reflection for 93 gold pieces
  4650 | D:5      | Entered Level 5 of the Dungeon
  4730 | D:5      | Slain by a gnoll bouda

Illustrated notes

Levels and vault maps discovered:
D:1:      evilmike_arrival_hilbert_curve, layout_loops_corners, serial_shops,
          nicolae_shop_hallway_plus, shop, nicolae_shop_advertising_works
          [nicolae_subvault_shop_adworks], nicolae_shop_bloodbath_and_beyond,
          shop_fountains, shapermc_ecumenical_altar_acropolis,
          kennysheep_flooded_box
D:2:      layout_basic, uniq_jessica
D:3:      layout_rooms, mainiacjoe_overflow_big_doors,
          kennysheep_generic_room_11, uniq_sigmund
D:4:      layout_basic
D:5:      lemuel_ratsnest, layout_basic, minivault_27, uniq_eustachio,
          uniq_crazy_yiuf_cottage

Skill      XL: |  1  2  3  4  5  6 |
---------------+-------------------+-----
Short Blades   | 3 4 5 |  5.5
Dodging        | 3 |  3.1
Shields        | 1 3 4 |  4.0
Fighting       | |  2.0
Throwing       | |  1.7

Action                     |  1- 3 |  4- 6 || total
---------------------------+-------+-------++-------
  Melee: Rapier            |    99 |   198 ||   297
         Punch             |     2 |       ||     2
  Throw: Stone             |       |     1 ||     1
    Use: Potion            |       |     1 ||     1
   Stab: Sleeping          |     1 |       ||     1
 Armour: Leather armour    |    26 |       ||    26
         Scale mail        |    16 |    27 ||    43
         Ring mail         |       |    18 ||    18
  Dodge: Dodged            |    73 |    51 ||   124
  Block: Other             |    10 |    10 ||    20
         Tower shield      |       |   123 ||   123

Table legend: (Time is in decaauts)
 A = Elapsed time spent in this place.
 B = Non-inter-level travel time spent in this place.
 C = Inter-level travel time spent in this place.
 D = Time resting spent in this place.
 E = Time spent auto-exploring this place.
 F = Levels seen in this place.
 G = Mean time per level.
                   A        B        C        D        E       F      G
               +--------+--------+--------+--------+--------+-----+--------+
         Total |   4781 |   3759 |   1022 |    481 |   2273 |   5 |  956.2 |
       Dungeon |   4781 |   3759 |   1022 |    481 |   2273 |   5 |  956.2 |
               +--------+--------+--------+--------+--------+-----+--------+

Top non-repeatable levels by time:
     D:1: 1594 daAuts
     D:4: 1287 daAuts
     D:2: 1028 daAuts
     D:3: 822 daAuts
     D:5: 49 daAuts
